 Dungeon Crawl Stone Soup version 0.31.0-12-g77e489cdc1 (webtiles) character file.

Game seed: 205675617645572664

1619 monsoonserge the Grappler (level 8, -1/46 HPs)
             Began as an Octopode Shapeshifter on Feb 22, 2024.
             Was an Initiate of Gozag.
             Killed from afar by an electric eel (17 damage)
             ... with a bolt of electricity
             ... on level 6 of the Dungeon.
             The game lasted 00:20:25 (6601 turns).

monsoonserge the Grappler (Octopode Shapeshifter)   Turns: 6601, Time: 00:20:26

Health: -1/46      AC:  1    Str: 15    XL:     8   Next: 96%
Magic:  8/8        EV: 17    Int: 13    God:    Gozag
Gold:   361        SH:  0    Dex: 11    Spells: 7/7 levels left

rFire   . .          .
                       - Unarmed
rCold   . . .        (shield currently unavailable)
rNeg    . . .        (helmet restricted)
rPois   .            (no amulet)
rElec   .            (no ring)
rCorr   .            (no ring)
SInv    .            (no ring)
Will    .....        (no ring)
Stlth   +            (no ring)
HPRegen 0.27/turn    (no ring)
MPRegen 0.11/turn    (no ring)
                     (no ring)

%: no passive effects
@: flux-form, glowing
A: glow, contaminating, reduced hp, almost no armour, amphibious, 8 rings,
camouflage 1, gelatinous body 1, (nimble swimmer 1), tentacles
a: Begin Untransformation, Renounce Religion, Potion Petition, Call Merchant,
Bribe Branch


You were on level 6 of the Dungeon.
You worshipped Gozag.
Gozag was aware of your devotion.
You were something dangerously unstable.
You visited 2 branches of the dungeon, and saw 7 of its levels.
You also visited: Sewer.

You collected 719 gold pieces.
You spent 297 gold pieces at shops.
You paid 61 gold pieces to Gozag.

Inventory:

Missiles
 q - 4 boomerangs
 r - 2 poisoned darts (quivered)
Talismans
 b - a beast talisman
 c - a flux talisman (active)
Wands
 f - a wand of charming (18)
Scrolls
 a - a scroll of fog {unknown}
 d - 2 scrolls of revelation {unknown}
 g - 4 scrolls of identify
 j - a scroll of enchant weapon {unknown}
 m - 2 scrolls of poison {unknown}
 p - a scroll of fear {unknown}
 t - a scroll of amnesia {unknown}
 v - a scroll of brand weapon {unknown}
Potions
 e - 4 potions of haste
 h - 2 potions of might
 i - 3 potions of curing
 k - 2 potions of invisibility
 l - 2 potions of cancellation {unknown}
 n - a potion of heal wounds
 o - a potion of berserk rage
 s - a potion of attraction
 u - a potion of brilliance
 w - a potion of mutation {unknown}


   Skills:
 - Level 1.0 Fighting
 - Level 2.0 Dodging
 + Level 9.3 Unarmed Combat
 * Level 6.7 Shapeshifting


You had 7 spell levels left.
You didn't know any spells.
Your spell library contained the following spells:

 Spells                   Type           Power      Damage    Failure   Level
 Ensorcelled Hibernation  Hex/Ice        0%         N/A       43%         2
 Lesser Beckoning         Tloc           0%         N/A       43%         2
 Scorch                   Fire           0%         2d5       43%         2
 Dazzling Flash           Conj/Hex       0%         N/A       67%         3
 Fugue of the Fallen      Necr           0%         N/A       67%         3
 Gell's Gravitas          Tloc           0%         N/A       67%         3
 Inner Flame              Hex/Fire       0%         N/A       67%         3
 Ozocubu's Armour         Ice            0%         N/A       67%         3
 Summon Ice Beast         Ice/Summ       0%         N/A       67%         3
 Teleport Other           Tloc           0%         N/A       67%         3
 Volatile Blastmotes      Fire/Tloc      0%         2d10      67%         3
 Anguish                  Hex/Necr       0%         N/A       97%         4
 Dimensional Bullseye     Hex/Tloc       0%         N/A       97%         4
 Flame Wave               Conj/Fire      0%         2d4       97%         4
 Fulminant Prism          Conj/Alch      0%         3d5       97%         4
 Ignite Poison            Fire/Alch      0%         N/A       97%         4
 Iskenderun's Mystic Bla  Conj/Tloc      0%         2d3       97%         4
 Manifold Assault         Tloc           0%         N/A       97%         4
 Sticky Flame             Fire/Alch      0%         2d4       97%         4
 Metabolic Englaciation   Hex/Ice        0%         N/A       100%        5
 Summon Mana Viper        Hex/Summ       0%         N/A       100%        5
 Yara's Violent Unravell  Hex/Alch       0%         3d3       100%        5
 Sculpt Simulacrum        Ice/Alch       0%         N/A       100%        6
 Starburst                Conj/Fire      0%         6d3       100%        6
 Summon Cactus Giant      Summ           0%         N/A       100%        6
 Monstrous Menagerie      Summ           0%         N/A       100%        7
 Ignition                 Fire           0%         3d3       100%        8
 Maxwell's Capacitive Co  Air            0%         ∞         100%        8


Dungeon Overview and Level Annotations

Branches:
Dungeon (6/15)             Temple (1/1) D:4           Sewer (visited)

Altars:
Ashenzari
Cheibriados
Dithmenos
Elyvilon
Fedhas
Gozag
Hepliaklqana
Kikubaaqudgha
Makhleb
Nemelex Xobeh
Okawaru
Qazlal
Ru
Sif Muna
Trog
Uskayaw
Vehumet
Wu Jian
Xom
Yredelemnul
The Shining One

Shops:
D:1 ![*[=

Annotations:
Temple 2 transporters


Innate Abilities, Weirdness & Mutations

You are something dangerously unstable.
You glow with magical radiation, making you easy to see and hit.
Foes you strike become dangerously contaminated with magical radiation.
Your maximum health is decreased, since you lack skill for your form.
You are incapable of wielding weapons or throwing items.
You cannot wear most types of armour.
You are amphibious.
You can wear up to eight rings at the same time.
Your skin changes colour to match your surroundings (Stealth+).
Your rubbery body absorbs attacks. (AC +1, EV +1)
((You are camouflaged when in or above water. (Stealth+)))
You have tentacles for arms and can constrict up to eight enemies at once.


Message History

You open the door.
There is an open door here.
You open the door.
There is an open door here.
You enter the shallow water.
A dart slug comes into view.
A dart slug comes into view.
The electric eel shoots out a bolt of lightning at you!
The bolt of electricity hits you!
The electric eel shoots out a bolt of lightning at you!
The bolt of electricity misses you.
You start resting.
An electric eel is nearby!
You start resting.
An electric eel is nearby!
The electric eel shoots out a bolt of lightning at you!
The bolt of electricity hits you! The bolt of electricity misses you.
You start resting.
An electric eel is nearby!
The electric eel shoots out a bolt of lightning at you!
The bolt of electricity hits you.
You tentacle-slap the electric eel.
The electric eel begins to glow.
Your grab misses the electric eel. Your squeeze misses the electric eel.
The electric eel is lightly wounded.
You closely miss the electric eel. Your grab misses the electric eel.
The electric eel is lightly wounded.
The electric eel shoots out a bolt of lightning at you!
The bolt of electricity misses you.
You bludgeon the electric eel!
The electric eel glows dangerously bright.
You grab the electric eel.
The electric eel is heavily wounded.
You constrict the electric eel, but do no damage.
The electric eel shoots out a bolt of lightning at you!
The bolt of electricity hits you!
The electric eel shoots out a bolt of lightning at you!
The bolt of electricity hits the electric eel.
The electric eel completely resists.
The bolt of electricity hits you!
You die...
Your body crumbles into a pile of gold.

.~~≈≈≈..~~#≈≈~#.#........####.###
.≈≈≈≈~...~≈≈≈~.##..##########'###
≈~≈#≈~..~~≈≈≈#≈.....# #.......
≈≈≈≈≈≈~⌠~≈≈#≈≈~~....# ##..>....
~≈#~~~..⌠#≈≈≈~~~....# #.....##.
~≈~~≈~[<(~≈≈~~~...### ####..##.
≈~~~≈≈...~~~w≈≈~..# #......
~~~≈#≈~.~≈#~≈≈SS.## #......
~~≈≈≈≈~.~≈≈≈≈#~#p# #......
.~≈≈≈.~)$~≈≈≈S.#.# #......
.~≈≈~≈%..~≈≈≈##..# #...... ~#≈~≈≈
#### #..#... ~≈≈≈w ####### w≈~#
.. .


You could see 2 electric eels and a dart slug.

Vanquished Creatures
  A water moccasin (D:5)
  A black bear (D:4)
  3 ogres
  A bullfrog (D:6)
  A kobold brigand (D:5)
  3 scorpions
  4 wights
  3 bombardier beetles
  A howler monkey (D:5)
  A jelly (D:5)
  2 hounds
  An orc priest (D:5)
  Natasha (D:2)
  A sleepcap (D:6)
  An iguana (D:6)
  An orc wizard (D:5)
  A hell rat (Sewer)
  Robin (D:3)
  10 adders
  3 river rats
  A shadow imp (D:5)
  A white imp (D:5)
  2 ufetubi (D:4)
  3 ribbon worms
  7 dart slugs
  4 orcs
  3 endoplasms
  2 giant cockroaches
  16 goblins
  8 hobgoblins
  11 quokkas
  7 ball pythons
  4 bats
  5 frilled lizards
  15 kobolds
  11 rats
141 creatures vanquished.

Notes
Turn   | Place    | Note
-------+----------+-------------------------------------------
     0 | D:1      | monsoonserge the Octopode Shapeshifter began the quest for
                  | the Orb.
     0 | D:1      | Reached XP level 1. HP: 13/13 MP: 1/1
     4 | D:1      | Found Solasm's General Store.
    58 | D:1      | Found Jookuy's Distillery.
   221 | D:1      | Found Gogieh's Armour Shop.
   296 | D:1      | Found Qicep's Jewellery Shoppe.
   333 | D:1      | Got Sif Muna's Handbook of Charms and Embers
   366 | D:1      | Reached XP level 2. HP: 18/18 MP: 2/2
   617 | D:1      | Reached skill level 4 in Unarmed Combat
   731 | D:1      | Reached XP level 3. HP: 23/23 MP: 3/3
   744 | D:1      | Found Soqis's Antique Armour Shoppe.
   947 | D:1      | Bought a potion of curing for 33 gold pieces
  1494 | D:2      | Reached XP level 4. HP: 21/28 MP: 4/4
  1681 | D:2      | Noticed Natasha
  1690 | D:2      | Killed Natasha
  1691 | D:2      | Reached skill level 5 in Unarmed Combat
  1929 | D:1      | Bought a potion of might for 44 gold pieces
  2164 | D:3      | Noticed Robin
  2179 | D:3      | Killed Robin
  2262 | D:4      | Reached XP level 5. HP: 33/33 MP: 5/5
  2317 | D:4      | Found a hazy altar of Hepliaklqana.
  2330 | D:4      | Noticed an ogre
  2385 | D:3      | Reached skill level 6 in Unarmed Combat
  2564 | D:4      | Found a staircase to the Ecumenical Temple.
  2564 | D:4      | Noticed a black bear
  2569 | D:4      | Killed a black bear
  2570 | D:4      | Reached XP level 6. HP: 38/38 MP: 6/6
  2596 | Temple   | Found a transporter.
  2596 | Temple   | Found a transporter.
  2596 | Temple   | Found a transporter.
  2596 | Temple   | Found a transporter.
  2596 | Temple   | Entered the Ecumenical Temple
  2612 | Temple   | Became a worshipper of Gozag Ym Sagoz the Greedy
  2672 | D:4      | Found a glowing drain.
  2688 | D:4      | Reached skill level 7 in Unarmed Combat
  2710 | Sewer    | Entered a sewer
  2956 | D:4      | Reached XP level 7. HP: 42/43 MP: 7/7
  3085 | D:1      | Bought a potion of heal wounds for 55 gold pieces
  3085 | D:1      | Bought a potion of berserk rage for 55 gold pieces
  3642 | D:4      | Found a radiant altar of Vehumet.
  3920 | D:4      | Reached skill level 8 in Unarmed Combat
  4024 | D:1      | Bought a potion of haste for 110 gold pieces
  4095 | D:5      | Entered Level 5 of the Dungeon
  4773 | D:5      | Reached skill level 5 in Shapeshifting
  4773 | D:5      | Reached XP level 8. HP: 48/48 MP: 8/8
  5965 | D:6      | Reached skill level 9 in Unarmed Combat
  6601 | D:6      | Killed from afar by an electric eel

Illustrated notes

Levels and vault maps discovered:
D:1:      sevenhm_arrival_forest_fort_small_6, layout_loops_corners,
          serial_shops, shop, nicolae_shop_waterfront, shop,
          nicolae_shop_behind_doors, shop, minmay_pentomino_q4
D:2:      layout_loops_ring, chequers_serial_rivers_small_3, uniq_natasha
D:3:      layout_basic, chequers_serial_rivers_large_b, uniq_robin
D:4:      layout_rooms, mainiacjoe_overflow_catch_the_wave,
          minmay_temple_entry_hall, portal_sewer_entry_b, bh_walls_and_bars
D:5:      minmay_bubble_buster, layout_basic
D:6:      kennysheep_slugbush, layout_gridville
Temple:   hellmonk_temple_divided_pantheon

Skill      XL: |  1  2  3  4  5  6  7  8 |
---------------+-------------------------+-----
Unarmed Combat | 4 5 6 7 8 9 |  9.3
Shapeshifting  | 5 6 |  6.7
Fighting       | |  1.0
Dodging        | |  2.0

Action                     |  1- 3 |  4- 6 |  7- 9 || total
---------------------------+-------+-------+-------++-------
  Melee: Unarmed           |    16 |    80 |   119 ||   215
         Tentacles         |    13 |    11 |    37 ||    61
         Constrict         |    18 |    19 |    38 ||    75
         Short sword       |    51 |     5 |       ||    56
         Punch             |     4 |     4 |     2 ||    10
  Throw: Dart              |       |       |     3 ||     3
    Use: Potion            |       |     1 |       ||     1
         Scroll            |       |       |     3 ||     3
   Stab: Sleeping          |     9 |     5 |     3 ||    17
         Distracted        |       |     1 |       ||     1
 Armour: Skin              |    25 |    39 |    46 ||   110
  Dodge: Dodged            |    38 |    49 |    50 ||   137
   Form: Flux              |       |       |     1 ||     1
